 Dungeon Crawl Stone Soup version 0.30-a0-462-gd5975efbca (webtiles) character file.

Game seed: 6947227410765907148

278 Ijustatesigmund the Conjurer (level 6, -4/44 HPs)
             Began as a Gnoll Conjurer on Dec 16, 2022.
             Killed from afar by an orc wizard (7 damage)
             ... with a magic dart
             ... on level 4 of the Dungeon.
             The game lasted 00:05:13 (3140 turns).

Ijustatesigmund the Conjurer (Gnoll Conjurer)       Turns: 3140, Time: 00:05:14

Health: -4/44      AC:  7    Str:  9    XL:     6   Next: 26%
Magic:  11/14      EV: 12    Int: 17    God:
Gold:   115        SH:  0    Dex: 10    Spells: 12/15 levels left

rFire   + . .      SeeInvis .    e - +1 dire flail
rCold   + . .      Faith    .    (shield currently unavailable)
rNeg    . . .      Spirit   .    a - +0 leather armour
rPois   +          Reflect  .    i - +0 helmet
rElec   +          Harm     .    f - +2 cloak
rCorr   +          Rampage  .    (no gloves)
Will    .....                    (no boots)
Stlth   +.........               (no amulet)
HPRegen 0.27/turn                (no ring)
MPRegen 0.14/turn                (no ring)

@: confused, resistant, hasted, invisible, very quick
A: fangs 1, strong nose, distributed training
a: no special abilities


You were on level 4 of the Dungeon.
You visited 1 branch of the dungeon, and saw 4 of its levels.

You collected 238 gold pieces.
You spent 123 gold pieces at shops.

Inventory:

Hand Weapons
 e - a +1 dire flail (weapon)
Missiles
 r - 6 poisoned darts
Armour
 a - a +0 leather armour (worn)
 f - a +2 cloak (worn)
 i - a +0 helmet (worn)
Jewellery
 d - a ring of protection from cold
 g - an amulet of magic regeneration
 j - a ring of flight
Scrolls
 l - a scroll of teleportation
 s - 2 scrolls of magic mapping
 t - a scroll of identify
Potions
 b - a potion of magic
 c - a potion of mutation
 m - a potion of might {unknown}
 n - a potion of haste
 o - a potion of heal wounds {unknown}
 p - a potion of ambrosia {unknown}
 q - a potion of flight {unknown}
 u - a potion of brilliance {unknown}


   Skills:
 + Level 2.0 Fighting
 + Level 2.0 Short Blades
 + Level 2.0 Long Blades
 + Level 2.0 Axes
 + Level 2.0 Maces & Flails
 + Level 2.0 Polearms
 + Level 2.0 Staves
 + Level 2.0 Ranged Weapons
 + Level 2.0 Throwing
 + Level 2.0 Armour
 + Level 5.0 Dodging
 + Level 4.6 Stealth
 + Level 2.0 Shields
 + Level 2.0 Unarmed Combat
 + Level 5.3 Spellcasting
 + Level 7.3 Conjurations
 + Level 1.5 Hexes
 + Level 1.5 Summonings
 + Level 1.5 Necromancy
 + Level 1.5 Translocations
 + Level 1.5 Transmutations
 + Level 1.5 Fire Magic
 + Level 1.5 Ice Magic
 + Level 1.5 Air Magic
 + Level 1.5 Earth Magic
 + Level 1.5 Poison Magic
 + Level 2.1 Invocations
 + Level 2.0 Evocations


You had 12 spell levels left.
You knew the following spells:

 Your Spells              Type           Power      Damage    Failure   Level
a - Magic Dart            Conj           100%       1d8       1%          1
b - Searing Ray           Conj           58%        2d6       1%          2

Your spell library contained the following spells:

 Spells                   Type           Power      Damage    Failure   Level
 Dazzling Flash           Conj/Hex       38%        N/A       9%          3
 Fulminant Prism          Conj/Hex       9%         3d7       30%         4
 Iskenderun's Mystic Bla  Conj/Tloc      19%        2d6       30%         4


Dungeon Overview and Level Annotations

Branches:
Dungeon (4/15)
 Temple: D:4-7

Altars:

Shops:
D:2 *


Innate Abilities, Weirdness & Mutations

You have very sharp teeth.
Your uncanny sense of smell can sniff out nearby items.
Your experience applies equally to all skills.


Message History

You closely miss something. Something barely misses you.
You hear some strange, mumbled words.
Something tries to affect you, but you resist.
You barely miss something.
Something hits you but does no damage. x2
You closely miss something. Something hits you. Something barely misses you.
You barely miss something.
Something hits you but does no damage. x2
You miss something.
Something hits you but does no damage. x2
You hear some strange, mumbled words.
A puff of flame appears from out of thin air!
The puff of flame hits you.
* * * LOW HITPOINT WARNING * * *
Something completely misses you.
You closely miss something. Your bite misses something.
Something hits you but does no damage. x2
You miss something.
You hear some strange, mumbled words.
You are confused.
You miss something. Your bite misses something. Something barely misses you.
You hear some strange, mumbled words.
A magic dart appears from out of thin air!
The magic dart hits you.
* * * LOW HITPOINT WARNING * * *
Unknown command.
Really quaff the potion of mutation?
Okay, then.
It was a potion of haste.
You feel yourself speed up. Something hits you.
* * * LOW HITPOINT WARNING * * *
Something hits you but does no damage.
You bump into the rock wall.
Something hits you.
* * * LOW HITPOINT WARNING * * *
Something hits you but does no damage.
You closely miss something. Your bite misses something.
Something hits you but does no damage. x2
You're too confused to move!
An orc wizard appears from thin air!
Reactivating autopickup.
It was a potion of resistance.
You feel protected.
The orc wizard points at you and mumbles some strange words.
The magic dart hits you!
You die...

#.# #.# #.# #.# #.#
##.# ####..#####
########............
...)))o@{...........
.#############.#####
.# .# # ∆


You could see an orc wizard (unable to see you).

Vanquished Creatures
  Grinder (D:3)
  Terence (D:2)
  A worm (D:3)
  2 dart slugs
  3 orcs (D:4)
  7 bats
  10 endoplasms
  A giant cockroach (D:3)
  4 goblins
  6 hobgoblins
  5 quokkas
  2 frilled lizards
  2 kobolds (D:1)
  2 rats (D:2)
47 creatures vanquished.

Notes
Turn   | Place    | Note
-------+----------+-------------------------------------------
     0 | D:1      | Ijustatesigmund the Gnoll Conjurer began the quest for the
                  | Orb.
     0 | D:1      | Reached XP level 1. HP: 13/13 MP: 6/6
   194 | D:1      | Reached XP level 2. HP: 19/19 MP: 4/7
   415 | D:1      | Learned a level 2 spell: Searing Ray
   765 | D:1      | Reached skill level 5 in Spellcasting
   765 | D:1      | Reached XP level 3. HP: 25/25 MP: 5/9
  1147 | D:1      | Found a faded altar of an unknown god.
  1335 | D:2      | Identified the +8 dagger of Heimy {freeze, rPois rC- Str+2}
  1518 | D:2      | Noticed Terence
  1524 | D:2      | Killed Terence
  1525 | D:2      | Reached skill level 1 in Fighting
  1525 | D:2      | Reached skill level 1 in Short Blades
  1525 | D:2      | Reached skill level 1 in Long Blades
  1525 | D:2      | Reached skill level 1 in Axes
  1525 | D:2      | Reached skill level 1 in Maces & Flails
  1525 | D:2      | Reached skill level 1 in Polearms
  1525 | D:2      | Reached skill level 1 in Staves
  1525 | D:2      | Reached skill level 1 in Ranged Weapons
  1525 | D:2      | Reached skill level 1 in Throwing
  1525 | D:2      | Reached skill level 1 in Armour
  1525 | D:2      | Reached skill level 1 in Shields
  1525 | D:2      | Reached skill level 1 in Unarmed Combat
  1525 | D:2      | Reached skill level 1 in Invocations
  1525 | D:2      | Reached skill level 1 in Evocations
  1525 | D:2      | Reached XP level 4. HP: 28/32 MP: 3/11
  2016 | D:2      | Found Godebayse's General Store.
  2025 | D:2      | Bought a scroll of magic mapping for 97 gold pieces
  2025 | D:2      | Bought a scroll of identify for 26 gold pieces
  2791 | D:3      | Reached skill level 1 in Hexes
  2791 | D:3      | Reached skill level 1 in Summonings
  2791 | D:3      | Reached skill level 1 in Necromancy
  2791 | D:3      | Reached skill level 1 in Translocations
  2791 | D:3      | Reached skill level 1 in Transmutations
  2791 | D:3      | Reached skill level 1 in Fire Magic
  2791 | D:3      | Reached skill level 1 in Ice Magic
  2791 | D:3      | Reached skill level 1 in Air Magic
  2791 | D:3      | Reached skill level 1 in Earth Magic
  2791 | D:3      | Reached skill level 1 in Poison Magic
  2953 | D:3      | Noticed Grinder
  2969 | D:3      | Killed Grinder
  2970 | D:3      | Reached skill level 5 in Dodging
  2970 | D:3      | Reached XP level 5. HP: 31/38 MP: 1/12
  2970 | D:3      | Reached XP level 6. HP: 36/44 MP: 1/14
  3137 | D:4      | HP: 2/44 [something (1)]
  3140 | D:4      | Killed from afar by an orc wizard

Illustrated notes

Levels and vault maps discovered:
D:1:      psy_arrival_conway, layout_basic, ebering_ecumenical_altar_hall,
          hangedman_glass_teeth
D:2:      layout_loops_ring, serial_shops, nicolae_shop_advertising_works
          [nicolae_subvault_shop_adworks], uniq_terence
D:3:      layout_basic, uniq_grinder
D:4:      layout_basic, minmay_misc_feat_encased, roderic_lattice_a,
          minivault_1, grunt_ministairs_13, minmay_small_thing, uniq_robin

Skill      XL: |  1  2  3  4 |
---------------+-------------+-----
Spellcasting   | 5 |  5.3
Fighting       | 1 2 |  2.0
Short Blades   | 1 2 |  2.0
Long Blades    | 1 2 |  2.0
Axes           | 1 2 |  2.0
Maces & Flails | 1 2 |  2.0
Polearms       | 1 2 |  2.0
Staves         | 1 2 |  2.0
Ranged Weapons | 1 2 |  2.0
Throwing       | 1 2 |  2.0
Armour         | 1 2 |  2.0
Shields        | 1 2 |  2.0
Unarmed Combat | 1 2 |  2.0
Invocations    | 1 2 |  2.1
Evocations     | 1 2 |  2.0
Hexes          | 1 |  1.5
Summonings     | 1 |  1.5
Necromancy     | 1 |  1.5
Translocations | 1 |  1.5
Transmutations | 1 |  1.5
Fire Magic     | 1 |  1.5
Ice Magic      | 1 |  1.5
Air Magic      | 1 |  1.5
Earth Magic    | 1 |  1.5
Poison Magic   | 1 |  1.5
Dodging        | 5 |  5.0
Stealth        | |  4.6
Conjurations   | |  7.3

Action                   |  1- 3 |  4- 6 || total
-------------------------+-------+-------++-------
Melee: Dire flail        |       |    15 ||    15
 Cast: Magic Dart        |    49 |    39 ||    88
       Searing Ray       |     1 |     3 ||     4
  Use: Scroll            |       |     6 ||     6
       Potion            |       |     3 ||     3
Armor: Leather armour    |       |    21 ||    21
Dodge: Dodged            |     1 |    12 ||    13

Table legend: (Time is in decaauts)
 A = Elapsed time spent in this place.
 B = Non-inter-level travel time spent in this place.
 C = Inter-level travel time spent in this place.
 D = Time resting spent in this place.
 E = Time spent auto-exploring this place.
 F = Levels seen in this place.
 G = Mean time per level.
                   A        B        C        D        E       F      G
               +--------+--------+--------+--------+--------+-----+--------+
         Total |   3144 |   3087 |     57 |    161 |   2622 |   4 |  786.0 |
       Dungeon |   3144 |   3087 |     57 |    161 |   2622 |   4 |  786.0 |
               +--------+--------+--------+--------+--------+-----+--------+

Top non-repeatable levels by time:
     D:1: 1309 daAuts
     D:2: 901 daAuts
     D:3: 878 daAuts
     D:4: 55 daAuts
